 Dungeon Crawl Stone Soup version 0.24.0-41-g2ae2f7f1be (webtiles) character file.

Game seed: 4913077196661778879, levelgen mode: deterministic

1393 grindst0ne the Charlatan (level 9, 0/103 HPs)
             Began as a Human Artificer on Dec 12, 2019.
             Was a Follower of Ru.
             Slain by an ogre
             ... wielding a +0 giant spiked club
              (13 damage)
             ... on level 6 of the Dungeon.
             The game lasted 00:10:05 (5801 turns).

grindst0ne the Charlatan (Human Artificer)          Turns: 5801, Time: 00:10:05

Health: 0/103      AC: 31    Str: 17    XL:     9   Next: 0%
Magic:  14/14      EV:  2    Int: 11    God:    Ru [*.....]
Gold:   361        SH:  0    Dex: 13    Spells: 8/8 levels left

rFire    . . .     SeeInvis .   u - +2 mace (protect)
rCold    . . .     Gourm    .   (no shield)
rNeg     + + +     Faith    .   (armour currently unavailable)
rPois    +         Spirit   .   (helmet currently unavailable)
rElec    .         Reflect  .   (cloak currently unavailable)
rCorr    .         Harm     .   (gloves currently unavailable)
MR       .....     NoTele   +   (boots currently unavailable)
Stlth    ++........             (no amulet)
HPRegen  0.27/turn              (no ring)
MPRegen  0.14/turn              (no ring)

@: tree-form, protection aura
A: magic vulnerability 1
a: Renounce Religion


You were on level 6 of the Dungeon.
You worshipped Ru.
Ru was aware of your devotion.
You were hungry.
You were a tree.
You visited 2 branches of the dungeon, and saw 7 of its levels.

You collected 361 gold pieces.

Inventory:

Hand Weapons
 a - a +0 short sword
 u - a +2 mace of protection (weapon)
 x - a +0 hand axe
Missiles
 h - 4 datura-tipped darts (quivered)
Armour
 b - a +0 leather armour
 j - a +0 scale mail (melded)
 l - a +0 chain mail
 m - a +0 plate armour
Jewellery
 e - an uncursed ring of flight {unknown}
Wands
 d - a wand of enslavement (13)
Scrolls
 g - 4 scrolls of teleportation {unknown}
 k - 2 scrolls of remove curse {unknown}
 o - 2 scrolls of fear {unknown}
 r - 6 scrolls of identify {unknown}
 s - 2 scrolls of amnesia {unknown}
 v - 2 scrolls of fog {unknown}
 y - a scroll of enchant armour {unknown}
 A - 2 scrolls of noise {unknown}
 B - a scroll of immolation {unknown}
 C - a scroll of enchant weapon {unknown}
 F - a scroll of blinking {unknown}
Potions
 n - a potion of flight
 p - 3 potions of curing {unknown}
 q - a potion of brilliance {unknown}
 t - a potion of lignification
 z - 2 potions of mutation {unknown}
 D - a potion of agility {unknown}
 E - a potion of cancellation {unknown}
Comestibles
 c - 3 chunks of flesh
 f - 14 rations


   Skills:
 + Level 6.0 Fighting
 - Level 1.0 Short Blades
 + Level 6.2 Dodging
 - Level 1.0 Stealth
 + Level 6.7 Evocations


You had 8 spell levels left.
You didn't know any spells.
Your spell library was empty.

Dungeon Overview and Level Annotations

Branches:
Dungeon (6/15)             Temple (1/1) D:4

Altars:
Cheibriados
Fedhas
Hepliaklqana
Kikubaaqudgha
Ru
Vehumet
Wu Jian
Xom
Zin
The Shining One

Shops:
D:6 !

Annotations:
D:5 1 exclusion


Innate Abilities, Weirdness & Mutations

You are slightly vulnerable to magic. (MR-)


Message History

The ogre hits you with a +0 giant spiked club!!
* * * LOW HITPOINT WARNING * * *
An ogre is nearby!
You hit the ogre.
Your weapon exudes an aura of protection.
The ogre is lightly wounded.
You are feeling hungry.
The ogre hits you but does no damage.
The ogre hits you with a +0 giant spiked club.
* * * LOW HITPOINT WARNING * * *
You hit the ogre.
The ogre is moderately wounded.
The ogre hits you with a +0 giant spiked club!
* * * LOW HITPOINT WARNING * * *
Unknown command.
You hit the ogre.
The ogre is moderately wounded.
The ogre hits you but does no damage.
The ogre hits you with a +0 giant spiked club!
You die...

...... #.#.## .....## ....###
#..... ......# #.#...####....
......# #.##..#....... ......#
#######.......##.... ..$...#
###(...........###.)..
......######...####..##..........
.....##......###.....#.....##....
.....(..##.....O♣..........##....
..##<.####.[.........[#.##.######
..............∩..###.#..##....##.
.################# #...####......
. ..........#.... .
################


You could see a neutral ogre (insane).

Vanquished Creatures
  Grinder (D:3)
  A bullfrog (D:5)
  An ice beast (D:5)
  3 ogres
  A centaur (D:5)
  2 scorpions
  A crimson imp (D:5)
  2 hounds
  A centaur skeleton (D:5)
  A bullfrog skeleton (D:5)
  3 orc priests
  2 worker ants
  10 adders
  A shadow imp (D:5)
  2 adder skeletons
  2 worms (D:2)
  A dart slug (D:2)
  3 leopard geckos
  8 orcs
  4 ball pythons
  15 giant cockroaches
  11 goblins
  8 hobgoblins
  3 jackals
  2 bats
  4 frilled lizards
  A giant cockroach zombie (D:5)
  11 kobolds
  A quokka skeleton (D:5)
  6 rats
112 creatures vanquished.

Vanquished Creatures (collateral kills)
  An ogre (D:5)
1 creature vanquished.

Grand Total: 113 creatures vanquished

Notes
Turn   | Place    | Note
-------+----------+-------------------------------------------
     0 | D:1      | grindst0ne the Human Artificer began the quest for the Orb.
     0 | D:1      | Reached XP level 1. HP: 15/15 MP: 3/3
   318 | D:1      | Reached XP level 2. HP: 19/21 MP: 4/4
   731 | D:1      | Reached XP level 3. HP: 27/27 MP: 5/5
  1023 | D:2      | Reached XP level 4. HP: 27/33 MP: 6/6
  1655 | D:2      | Reached XP level 5. HP: 26/39 MP: 7/7
  2136 | D:2      | Found a hazy altar of Hepliaklqana.
  2137 | D:2      | Found a shimmering altar of Xom.
  2137 | D:2      | Noticed a Killer Klown
  2141 | D:2      | Noticed a Killer Klown
  2141 | D:2      | Noticed a spectral ugly thing
  2783 | D:3      | Noticed Grinder
  2796 | D:3      | Killed Grinder
  2796 | D:3      | Reached XP level 6. HP: 38/48 MP: 9/9
  3174 | D:4      | Reached XP level 7. HP: 41/53 MP: 10/10
  3249 | D:4      | Reached skill level 5 in Evocations
  3426 | D:4      | Found a staircase to the Ecumenical Temple.
  3482 | Temple   | Entered the Ecumenical Temple
  3492 | Temple   | Became a worshipper of Ru the Awakened
  3659 | D:5      | Entered Level 5 of the Dungeon
  3969 | D:5      | Reached skill level 5 in Dodging
  4050 | D:5      | Reached XP level 8. HP: 61/61 MP: 12/12
  4059 | D:5      | Found an ornate altar of the Wu Jian Council.
  4063 | D:5      | Found a glowing golden altar of the Shining One.
  4115 | D:5      | Reached skill level 5 in Fighting
  4538 | D:5      | Found a snail-covered altar of Cheibriados.
  4541 | D:5      | Found a radiant altar of Vehumet.
  4631 | D:5      | Found a blossoming altar of Fedhas.
  5058 | D:5      | Gained mutation: You are slightly vulnerable to magic.
                  | (MR-) [Ru sacrifice]
  5058 | D:5      | Reached * piety under Ru
  5458 | D:5      | Found an ancient bone altar of Kikubaaqudgha.
  5671 | D:6      | Reached XP level 9. HP: 69/69 MP: 12/14
  5748 | D:6      | Found Ysitzysh's Distillery.
  5801 | D:6      | Slain by an ogre

Levels and vault maps discovered:
D:1:      nzn_arrival_crosshair, layout_loops_ring
D:2:      minmay_roachtagon, layout_basic, regret_index_temple_of_mockery,
          serial_rivers, chequers_serial_rivers_micro_a,
          chequers_serial_rivers_small_a, chequers_serial_rivers_micro_d,
          chequers_serial_rivers_micro_e, chequers_serial_rivers_small_3,
          chequers_serial_rivers_large_b, first_ration,
          minmay_increasing_density
D:3:      layout_loops_ring, uniq_grinder
D:4:      layout_cave_pools, minmay_temple_entry_statues_pillars
D:5:      cheibrodos_two_vegetables, layout_basic,
          nicolae_overflow_hidden_temple, kennysheep_mini
D:6:      layout_rooms, serial_shops, shop, uniq_sigmund
Temple:   jpeg_temple_clearing

Skill      XL: |  1  2  3  4  5  6  7  8 |
---------------+-------------------------+-----
Fighting       | 2 3 4 6 |  6.0
Dodging        | 3 4 5 6 |  6.2
Evocations     | 4 5 6 |  6.7
Short Blades   | |  1.0
Stealth        | |  1.0

Action                   |  1- 3 |  4- 6 |  7- 9 || total
-------------------------+-------+-------+-------++-------
Melee: Short sword       |   112 |   155 |       ||   267
       Mace              |       |    51 |   190 ||   241
Throw: Dart              |       |       |     4 ||     4
Invok: Sacrifice Essence |       |       |     1 ||     1
Evoke: Wand              |     8 |     6 |    18 ||    32
  Use: Potion            |     2 |       |     3 ||     5
 Stab: Paralysed         |       |     6 |       ||     6
  Eat: Chunk             |       |     8 |     8 ||    16
Armor: Leather armour    |     2 |       |       ||     2
       Scale mail        |    58 |    81 |   112 ||   251
       Skin              |       |       |     2 ||     2
Dodge: Dodged            |    66 |   100 |   167 ||   333
